 Dungeon Crawl Stone Soup version 0.28.0-43-g3370ac3207 (webtiles) character file.

Game seed: 2970007815119226930

110783 Peloso the Peltast (level 16, -23/147 HPs)
             Began as a Minotaur Fighter on Mar 22, 2022.
             Was a High Priest of Okawaru.
             Killed from afar by a deep elf zephyrmancer (29 damage)
             ... with a bolt of lightning
             ... on level 1 of the Elven Halls.
             The game lasted 01:15:57 (38657 turns).

Peloso the Peltast (Minotaur Fighter)              Turns: 38657, Time: 01:15:57

Health: -23/147    AC: 32    Str: 26    XL:     16   Next: 8%
Magic:  17/17      EV: 10    Int:  5    God:    Okawaru [*****.]
Gold:   2338       SH: 15    Dex: 13    Spells: 15/15 levels left

rFire   . . .      SeeInvis +   a - +3 long sword of Egomania {vorpal, *Slow rPois rCorr Stlth+}
rCold   . . .      Faith    +   c - +1 kite shield {AC+3}
rNeg    + . .      Spirit   .   S - +7 chain mail "Somieb" {rN+ SInv}
rPois   +          Reflect  .   O - +0 hat
rElec   .          Harm     .   C - +2 cloak {Will+}
rCorr   +          Rampage  .   M - +2 pair of gloves {Stlth+}
Will    +++..                   u - +0 pair of boots
Stlth   +.........              f - amulet of the Rabble {Faith Regen+}
HPRegen 1.14/turn               y - ring of willpower
MPRegen 0.15/turn               (no ring)

@: on fire, hasted, glowing, very quick
A: horns 2, retaliatory headbutt
a: Renounce Religion, Heroism, Finesse, Duel


You were on level 1 of the Elven Halls.
You worshipped Okawaru.
Okawaru was extremely pleased with you.
You visited 5 branches of the dungeon, and saw 25 of its levels.
You also visited: Ossuary, Bailey, Gauntlet and Volcano.

You collected 3126 gold pieces.
You spent 788 gold pieces at shops.

Inventory:

Hand Weapons
 a - the +3 long sword of Egomania (weapon) {vorpal, *Slow rPois rCorr Stlth+}
   (You found it on level 1 of the Lair of Beasts)

   It inflicts extra damage upon your enemies.
   rPois:     It protects you from poison.
   rCorr:     It protects you from acid and corrosion.
   *Slow:     It may slow you when you take damage.
   Stlth:     It makes you more stealthy.
 b - the +8 short sword "Bier" {flame, rF+ rCorr Str-3 Dex+2}
   (You took it off a minotaur in a Gauntlet)

   It burns those it strikes, dealing additional fire damage.
   Str:       It affects your strength (-3).
   Dex:       It affects your dexterity (+2).
   rF:        It protects you from fire.
   rCorr:     It protects you from acid and corrosion.
 o - the +8 rapier "Peobo" {holy, Fly Will+ Stlth+}
   (You found it on level 3 of the Dungeon)

   It has been blessed by the Shining One to cause great damage to the undead
   and demons.
   Fly:       It grants you flight.
   Will:      It increases your willpower.
   Stlth:     It makes you more stealthy.
Armour
 c - a +1 kite shield of protection (worn)
 d - a scarf of resistance
 p - a +2 chain mail of fire resistance
 u - a +0 pair of boots (worn)
 C - a +2 cloak of willpower (worn)
 M - a +2 pair of gloves of stealth (worn)
 N - a +2 plate armour of cold resistance
 O - a +0 hat (worn)
 S - the +7 chain mail "Somieb" (worn) {rN+ SInv}
   (Okawaru gifted it to you on level 13 of the Dungeon)

   rN:        It protects you from negative energy.
   SInv:      It lets you see invisible.
Jewellery
 f - the amulet of the Rabble (around neck) {Faith Regen+}
   (You found it on level 2 of the Lair of Beasts)

   [amulet of faith]

   It allows you to gain divine favour quickly.
   Regen:     It increases your rate of health regeneration.
 t - a ring of resist corrosion
 y - a ring of willpower (left hand)
 W - an amulet of faith
 X - an amulet of regeneration
Scrolls
 e - 2 scrolls of noise
 i - 5 scrolls of teleportation
 j - 2 scrolls of fear
 l - 3 scrolls of magic mapping
 m - 2 scrolls of blinking
 Q - a scroll of acquirement
Potions
 k - 3 potions of haste
 s - 13 potions of curing
 G - 4 potions of resistance
 L - 4 potions of flight


   Skills:
 + Level 14.9 Fighting
 + Level 13.7(16.0) Short Blades
 + Level 14.7(17.2) Long Blades
 + Level 1.9 Axes
 + Level 15.4 Armour
 + Level 5.7 Dodging
 + Level 2.6 Stealth
 + Level 17.4 Shields
 + Level 2.7 Invocations
 + Level 1.4 Evocations


You had 15 spell levels left.
You didn't know any spells.
Your spell library contained the following spells:

 Spells                   Type           Power      Damage    Failure   Level
 Magic Dart               Conj           0%         1d3       97%         1
 Sting                    Tmut/Pois      0%         1d3       97%         1
 Scorch                   Fire           0%         2d5       99%         2
 Frozen Ramparts          Ice            0%         1d2       100%        3
 Gell's Gravitas          Tloc           0%         N/A       100%        3
 Ignite Poison            Fire/Tmut/Pois 0%         N/A       100%        3
 Lesser Beckoning         Tloc           0%         N/A       100%        3
 Mephitic Cloud           Conj/Pois/Air  0%         N/A       100%        3
 Ozocubu's Armour         Ice            0%         N/A       100%        3
 Portal Projectile        Hex/Tloc       0%         N/A       100%        3
 Teleport Other           Tloc           0%         N/A       100%        3
 Flame Wave               Conj/Fire      0%         2d4       100%        4
 Ice Form                 Ice/Tmut       0%         N/A       100%        4
 Leda's Liquefaction      Hex/Erth       0%         N/A       100%        4
 Passage of Golubria      Tloc           0%         N/A       100%        4
 Petrify                  Tmut/Erth      0%         N/A       100%        4
 Blade Hands              Tmut           0%         N/A       100%        5
 Freezing Cloud           Conj/Ice/Air   0%         6-21      100%        5
 Metabolic Englaciation   Hex/Ice        0%         N/A       100%        5
 Yara's Violent Unravell  Hex/Tmut       0%         3d3       100%        5
 Dispersal                Tloc           0%         N/A       100%        6
 Statue Form              Tmut/Erth      0%         N/A       100%        6
 Ozocubu's Refrigeration  Ice            0%         4d5       100%        7
 Disjunction              Tloc           0%         N/A       100%        8
 Necromutation            Tmut/Necr      0%         N/A       100%        8
 Polar Vortex             Ice            0%         N/A       100%        9
 Call Imp                 Summ           Unusable   N/A       N/A         2
 Call Canine Familiar     Summ           Unusable   N/A       N/A         3
 Tukima's Dance           Hex            Unusable   N/A       N/A         3
 Summon Ice Beast         Ice/Summ       Unusable   N/A       N/A         4
 Simulacrum               Ice/Necr       Unusable   N/A       N/A         6
 Summon Cactus Giant      Summ           Unusable   N/A       N/A         6

Dungeon Overview and Level Annotations

Branches:
Dungeon (15/15)            Temple (1/1) D:6            Lair (6/6) D:10
  Swamp (0/4) Lair:3       Spider (0/4) Lair:4        Slime (0/5) Lair:6
    Orc (2/2) D:11            Elf (1/3) Orc:2        Vaults (0/5) D:14
 Depths (0/4) D:15        Ossuary (visited)          Bailey (visited)
Volcano (visited)         Gauntlet (visited)

Altars:
Ashenzari
Cheibriados
Dithmenos
Elyvilon
Fedhas
Gozag
Hepliaklqana
Kikubaaqudgha
Makhleb
Nemelex Xobeh
Okawaru
Qazlal
Ru
Sif Muna
Trog
Uskayaw
Vehumet
Wu Jian
Xom
Yredelemnul
Zin
The Shining One
Beogh
Jiyva

Shops:
D:2 *(   D:9 =   D:14 *   Orc:1 :(   Orc:2 ?*=*

Annotations:
D:15 Casa


Innate Abilities, Weirdness & Mutations

You have a pair of horns on your head.
You reflexively headbutt those who attack you in melee.


Message History

The fire elemental disappears in a puff of smoke!
The deep elf zephyrmancer gestures at you while chanting.
The bolt of lightning hits the fire elemental!
The fire elemental resists.
The bolt of lightning misses you. The bolt of lightning hits you!!
* * * LOW HITPOINT WARNING * * *
The bolt of lightning hits the fire elemental!
The fire elemental resists.
You closely miss the fire elemental.
The fire elemental is heavily damaged.
You slash the fire elemental!
You destroy the fire elemental!
The fire elemental disappears in a puff of smoke!
The deep elf zephyrmancer mumbles some strange words.
The deep elf zephyrmancer blinks!
Really walk into that cloud of flame?
Okay, then.
The deep elf zephyrmancer gestures wildly while chanting.
The deep elf zephyrmancer blinks!
You slash the deep elf pyromancer! You headbutt the deep elf pyromancer!
The deep elf pyromancer is almost dead.
The deep elf pyromancer gestures at you while chanting.
The sticky flame hits you!
You are covered in liquid flames!
* * * LOW HITPOINT WARNING * * *
You closely miss the deep elf pyromancer.
Your headbutt misses the deep elf pyromancer.
The deep elf pyromancer is almost dead.
You are covered in liquid flames!
* * * LOW HITPOINT WARNING * * *
You slash the deep elf pyromancer!
You kill the deep elf pyromancer!
Okawaru accepts your kill.
You are covered in liquid flames!
* * * LOW HITPOINT WARNING * * *
You are covered in liquid flames!
* * * LOW HITPOINT WARNING * * *
The deep elf zephyrmancer casts a spell at you.
The bolt of lightning hits you!!
You die...

*,,,,,**,,,,,,,***,**
***********#**** *,**
*,!# *,** *##..# *,,,
####....# *,** #.).....#
*,* ** #.##....#******,*
,* #.#*##.....,,,,,* ,*
#########@# *,..##******
,****###.........###**,##
,,,,,,.........e...# *,*
*******#.........#.#**,*
*******#....(....#...,,*
,,,,,,,#.8.....8.#*###**
*******#....)....#
###'''''### #.....#


You could see a deep elf zephyrmancer.

Vanquished Creatures
  A rockslime (shapeshifter) (Gauntlet)
  Nessos (Lair:5)
  2 dire elephants
  The ghost of dangdung the Martial Artist, a journeyman OpTm of Okawaru (Lair:3)
  A minotaur (Gauntlet)
  The ghost of P0WERM0DE the Envoy of Void, a journeyman DsAK of Lugonu (Orc:2)
  Snorg (D:12)
  An ettin (Orc:2)
  A fire dragon (Lair:6)
  12 hydras
  An ice dragon (shapeshifter) (Gauntlet)
  A vault guard (D:14)
  5 centaur warriors
  A catoblepas (Lair:6)
  4 two-headed ogres
  A death knight (D:14)
  The ghost of Acheron the Carver, a novice MiDe of Nemelex Xobeh (Lair:1)
  A slime creature (D:14)
  11 death yaks
  2 dancing weapons
  6 orc high priests (Orc:2)
  Urug (Lair:5)
  2 soul eaters (Gauntlet)
  6 skeletal warriors
  A fire crab (Volcano)
  4 lindwurms
  A wizard (D:14)
  7 deep elf pyromancers
  An orc sorcerer (Orc:1)
  2 orc knights
  A wolf spider (D:15)
  A deep elf zephyrmancer (Elf:1)
  A cyclops (D:14)
  6 ugly things
  A salamander (D:15)
  4 manticores
  11 elephants
  2 molten gargoyles (Volcano)
  8 black mambas
  24 cane toads
  7 torpor snails (Lair:6)
  An unseen horror (D:11)
  6 rime drakes
  2 freezing wraiths
  14 komodo dragons
  A troll (shapeshifter) (Gauntlet)
  7 hornets (Lair:6)
  A wind drake (shapeshifter) (D:13)
  A queen bee (D:13)
  6 meliai
  8 trolls
  A queen bee (shapeshifter) (D:15)
  3 tyrant leeches (Lair:6)
  12 dream sheep
  21 blink frogs
  3 jumping spiders (Lair:4)
  5 wyverns
  A wraith (D:13)
  5 fire bats (Volcano)
  10 humans (D:14)
  A shadow (D:13)
  30 yaks
  6 basilisks
  A spectral komodo dragon (Lair:3)
  6 steam dragons
  A redback (shapeshifter) (Gauntlet)
  2 vampire mosquitoes (D:13)
  A spectral cane toad (Lair:3)
  A death yak simulacrum (Lair:3)
  Edmund (D:4)
  6 wargs (Orc:2)
  4 swamp worms (Lair:2)
  A hell hound (Volcano)
  An acid dragon (D:10)
  A hydra simulacrum (Lair:3)
  14 water moccasins
  Duvessa (D:5)
  A sky beast (D:5)
  4 ice beasts
  12 orc warriors
  4 black bears
  14 ogres
  15 wolves
  12 centaurs
  6 kobold brigands
  13 bullfrogs
  3 gnoll sergeants
  2 scorpions (D:6)
  4 water moccasin zombies (Ossuary)
  Dowan (D:5)
  2 water moccasin skeletons
  A dream sheep simulacrum (Lair:3)
  28 killer bees
  6 howler monkeys
  7 wights (D:9)
  4 electric eels
  2 bullfrog zombies
  4 centaur zombies
  5 lava snakes (Volcano)
  2 jellies
  3 centaur skeletons (D:7)
  A komodo dragon simulacrum (Lair:3)
  A bullfrog skeleton (D:6)
  2 hounds (D:6)
  Crazy Yiuf (D:2)
  34 orc priests
  A gnoll shaman (D:9)
  Jessica (D:3)
  Natasha (D:3)
  Terence (D:2)
  A scorpion zombie (D:5)
  An iguana (D:6)
  16 orc wizards
  A hell rat (Lair:6)
  2 mummies (Ossuary)
  Robin (D:3)
  23 gnolls
  4 adders
  7 shadow imps (Gauntlet)
  2 white imps
  An ufetubus (D:7)
  3 adder zombies (Ossuary)
  4 worms
  2 dart slugs
  100 orcs
  7 ball pythons
  2 bats (D:2)
  6 endoplasms
  6 giant cockroaches
  2 gnoll zombies (Ossuary)
  17 goblins
  9 hobgoblins
  10 jackals
  37 kobolds
  A quokka (D:2)
  2 frilled lizards
  6 hobgoblin zombies (Ossuary)
  3 kobold zombies (Ossuary)
  4 orc zombies (Ossuary)
  3 rats (D:1)
  6 briar patches (Lair:2)
820 creatures vanquished.

Vanquished Creatures (others)
  A water elemental (Elf:1)
  A human (D:14)
  A gnoll (D:8)
  A briar patch (Lair:2)
  16 fungi
  48 plants
  4 withered plants (Gauntlet)
72 creatures vanquished.

Grand Total: 892 creatures vanquished

Notes
Turn   | Place    | Note
-------+----------+-------------------------------------------
     0 | D:1      | Peloso the Minotaur Fighter began the quest for the Orb.
     0 | D:1      | Reached XP level 1. HP: 19/19 MP: 0/0
   208 | D:1      | Reached XP level 2. HP: 22/27 MP: 1/1
   358 | D:1      | Reached skill level 4 in Shields
   598 | D:1      | Reached XP level 3. HP: 18/33 MP: 2/2
   981 | D:2      | Found a white marble altar of Elyvilon.
  1292 | D:2      | Noticed Terence
  1301 | D:2      | Killed Terence
  1396 | D:2      | Found a faded altar of an unknown god.
  1465 | D:2      | Found Roguveac's General Store.
  1524 | D:2      | Reached XP level 4. HP: 38/40 MP: 3/3
  1901 | D:2      | Found Imuet's Weapon Shoppe.
  2418 | D:2      | Found a runed translucent door.
  2419 | D:2      | Noticed Crazy Yiuf
  2425 | D:2      | Killed Crazy Yiuf
  2624 | D:3      | Identified the +8 rapier "Peobo" {holy, Fly Will+ Stlth+}
  2658 | D:3      | Found a sacrificial altar of Ru.
  2698 | D:3      | Reached XP level 5. HP: 47/47 MP: 4/4
  2737 | D:3      | Found a snail-covered altar of Cheibriados.
  2820 | D:3      | Found a radiant altar of Vehumet.
  2877 | D:3      | Noticed Robin
  2895 | D:3      | Killed Robin
  3100 | D:3      | Noticed Jessica
  3104 | D:3      | Killed Jessica
  3108 | D:3      | Noticed Natasha
  3111 | D:3      | Reached skill level 1 in Dodging
  3115 | D:3      | Killed Natasha
  3116 | D:3      | Reached skill level 5 in Armour
  3268 | D:3      | Reached skill level 1 in Short Blades
  3336 | D:4      | Reached skill level 5 in Fighting
  3394 | D:4      | Reached XP level 6. HP: 56/56 MP: 5/5
  3454 | D:4      | Noticed Edmund
  3466 | D:4      | Killed Edmund
  3725 | D:4      | Reached XP level 7. HP: 57/61 MP: 6/6
  4418 | D:5      | Entered Level 5 of the Dungeon
  4608 | D:5      | Reached skill level 5 in Short Blades
  4610 | D:5      | Found a sand-covered staircase.
  4724 | Ossuary  | Entered an ossuary
  4921 | Ossuary  | Reached XP level 8. HP: 70/70 MP: 7/7
  4935 | Ossuary  | Reached skill level 5 in Shields
  5310 | D:5      | Noticed Duvessa
  5310 | D:5      | Noticed Dowan
  5320 | D:5      | Killed Dowan
  5331 | D:5      | Killed Duvessa
  5332 | D:5      | Reached skill level 1 in Stealth
  5987 | D:5      | Reached skill level 6 in Shields
  5987 | D:5      | Reached XP level 9. HP: 55/75 MP: 8/8
  6201 | D:6      | Found a staircase to the Ecumenical Temple.
  6216 | Temple   | Entered the Ecumenical Temple
  6444 | Temple   | Became a worshipper of Warmaster Okawaru
  6846 | D:7      | Noticed a deep elf pyromancer
  6887 | D:7      | Killed a deep elf pyromancer
  6887 | D:7      | Reached * piety under Okawaru
  6986 | D:7      | Noticed a seven-headed hydra
  7069 | D:8      | Reached skill level 10 in Short Blades
  7110 | D:8      | Found a flagged portal.
  7281 | Bailey   | Entered a bailey
  7531 | Bailey   | Noticed an orc knight
  7563 | Bailey   | Killed an orc knight
  7563 | Bailey   | Reached ** piety under Okawaru
  7564 | Bailey   | Reached skill level 7 in Shields
  7564 | Bailey   | Reached XP level 10. HP: 54/86 MP: 6/9
  8694 | D:9      | Found Core's Jewellery Emporium.
  9063 | D:9      | Reached *** piety under Okawaru
 10592 | D:2      | Bought the +4 hand axe of Discretion {flame, Int+5} for 514
                  | gold pieces
 10685 | D:7      | Killed a one-headed hydra
 10686 | D:7      | Reached skill level 1 in Axes
 10686 | D:7      | Reached skill level 10 in Armour
 10686 | D:7      | Reached skill level 8 in Shields
 10846 | D:7      | Reached **** piety under Okawaru
 11389 | D:10     | Entered Level 10 of the Dungeon
 11449 | D:10     | Found the +4 skin of Zhor {*Englaciate rC+++ SInv}
 11616 | D:10     | Reached XP level 11. HP: 63/95 MP: 10/10
 11844 | D:10     | Found a staircase to the Lair.
 11878 | D:10     | Reached skill level 9 in Shields
 12014 | D:10     | Identified the +5 hand axe "Hibunna" {drain, Fly rPois
                  | Will+ Dex-4}
 12384 | D:11     | Reached ***** piety under Okawaru
 12474 | D:11     | Found a gate leading to a gauntlet.
 12477 | Gauntlet | Entered a Gauntlet
 12477 | Gauntlet | Found a transporter.
 12479 | Gauntlet | Noticed a soul eater
 12482 | Gauntlet | Found a transporter.
 12486 | Gauntlet | Found a transporter.
 12491 | Gauntlet | Found a transporter.
 12498 | Gauntlet | Found a transporter.
 12502 | Gauntlet | Found a transporter.
 12504 | Gauntlet | Noticed a soul eater
 12507 | Gauntlet | Found a transporter.
 12513 | Gauntlet | Found a transporter.
 12517 | Gauntlet | Found a transporter.
 12522 | Gauntlet | Found a transporter.
 12525 | Gauntlet | Found a transporter.
 12529 | Gauntlet | Found a transporter.
 12532 | Gauntlet | Noticed a dire elephant
 12537 | Gauntlet | Found a transporter.
 12558 | Gauntlet | Found a transporter.
 12567 | Gauntlet | Noticed a radroach
 12568 | Gauntlet | Noticed a boulder beetle
 12568 | Gauntlet | a radroach changed into a boulder beetle
 12573 | Gauntlet | Noticed an eight-headed hydra
 12573 | Gauntlet | a boulder beetle changed into an eight-headed hydra
 12634 | Gauntlet | Killed a soul eater
 12982 | Gauntlet | Killed a soul eater
 13020 | Gauntlet | Noticed a mana viper
 13020 | Gauntlet | a floating eye changed into a mana viper
 13033 | Gauntlet | a mana viper changed into a jumping spider
 13068 | Gauntlet | Noticed a mana viper
 13068 | Gauntlet | a jumping spider changed into a mana viper
 13078 | Gauntlet | Noticed a titan
 13079 | Gauntlet | Noticed a rockslime
 13079 | Gauntlet | a titan changed into a rockslime
 13081 | Gauntlet | Noticed an ice dragon
 13082 | Gauntlet | Noticed a titan
 13082 | Gauntlet | a rockslime changed into a titan
 13083 | Gauntlet | a mana viper changed into a redback
 13084 | Gauntlet | Noticed an iron giant
 13084 | Gauntlet | a titan changed into an iron giant
 13093 | Gauntlet | Noticed an acid blob
 13093 | Gauntlet | an iron giant changed into an acid blob
 13099 | Gauntlet | Noticed a juggernaut
 13099 | Gauntlet | an acid blob changed into a juggernaut
 13121 | Gauntlet | Noticed a rockslime
 13121 | Gauntlet | a juggernaut changed into a rockslime
 13140 | Gauntlet | Killed a rockslime
 13141 | Gauntlet | Reached skill level 10 in Fighting
 13141 | Gauntlet | Reached skill level 1 in Invocations
 13161 | Gauntlet | Killed an ice dragon
 13161 | Gauntlet | Identified the -7 hat "Sumob" {Fly rF+} (Okawaru gifted it
                  | to you in a Gauntlet)
 13161 | Gauntlet | Received a gift from Okawaru
 13365 | Gauntlet | Killed a dire elephant
 13375 | Gauntlet | Reached XP level 12. HP: 61/108 MP: 10/12
 13552 | Gauntlet | Identified the +8 short sword "Bier" {flame, rF+ rCorr
                  | Str-3 Dex+2}
 13552 | Gauntlet | Noticed a minotaur
 13583 | Gauntlet | Killed a minotaur
 14044 | D:11     | Found a staircase to the Orcish Mines.
 14785 | Lair:1   | Entered Level 1 of the Lair of Beasts
 14787 | Lair:1   | Noticed a seven-headed hydra
 14811 | Lair:1   | Killed a seven-headed hydra
 14868 | Lair:1   | Reached skill level 10 in Shields
 15002 | Lair:1   | Identified the +3 long sword of Egomania {vorpal, *Slow
                  | rPois rCorr Stlth+}
 15290 | Lair:1   | Reached skill level 5 in Long Blades
 15306 | Lair:1   | You fall into a shaft and drop 1 floor!
 15310 | Lair:2   | Found a transporter.
 15880 | Lair:2   | Identified the +2 pair of gloves "Ezie" {Harm +Inv Fly
                  | Stlth-} (Okawaru gifted it to you on level 2 of the Lair of
                  | Beasts)
 15880 | Lair:2   | Received a gift from Okawaru
 15884 | Lair:2   | Found a transporter.
 15945 | Lair:2   | Noticed a six-headed hydra
 15957 | Lair:2   | Killed a six-headed hydra
 15958 | Lair:2   | Reached skill level 11 in Shields
 16497 | Lair:1   | Found a runed translucent gate.
 16497 | Lair:1   | Found a runed translucent gate.
 16497 | Lair:1   | Found a runed translucent gate.
 16505 | Lair:1   | Noticed Acheron's ghost (novice MiDe)
 16905 | Lair:3   | Noticed a death yak
 16906 | Lair:3   | Noticed an eight-headed hydra
 16907 | Lair:3   | Noticed a death yak
 16907 | Lair:3   | Noticed a death yak
 16914 | Lair:3   | Noticed a death yak
 16919 | Lair:3   | Killed an eight-headed hydra
 16930 | Lair:3   | Killed a death yak
 16934 | Lair:3   | Killed a death yak
 16978 | Lair:2   | Killed a death yak
 17408 | Lair:3   | Killed a death yak
 17497 | Lair:3   | Reached XP level 13. HP: 100/116 MP: 13/13
 17661 | Lair:3   | Found a runed translucent gate.
 17661 | Lair:3   | Found a runed translucent gate.
 17662 | Lair:3   | Found a runed translucent gate.
 17666 | Lair:3   | Noticed dangdung's ghost (journeyman OpTm)
 18118 | Lair:3   | Reached skill level 12 in Shields
 18404 | Lair:3   | Found a staircase to the Swamp.
 18837 | Lair:3   | Identified the +3 ring mail of Ynleck {rElec rC+ Will+
                  | Str+6} (Okawaru gifted it to you on level 3 of the Lair of
                  | Beasts)
 18837 | Lair:3   | Received a gift from Okawaru
 18990 | Lair:3   | Reached skill level 10 in Long Blades
 19912 | D:12     | Noticed Snorg
 19930 | D:12     | Killed Snorg
 20927 | Lair:4   | Found a dark tunnel.
 20951 | Volcano  | Entered a volcano
 21167 | Volcano  | Found a burning altar of Makhleb.
 21463 | Volcano  | Reached skill level 13 in Shields
 22014 | Lair:4   | Found a hole to the Spider Nest.
 23347 | Orc:1    | Entered Level 1 of the Orcish Mines
 23393 | Orc:1    | Found a shimmering altar of Xom.
 24036 | Orc:1    | Received a gift from Okawaru
 24063 | Orc:1    | Found Loton's Book Shoppe.
 24172 | Orc:1    | Found Deriola's Weapon Shop.
 24364 | Orc:2    | Entered Level 2 of the Orcish Mines
 24390 | Orc:2    | Found a runed translucent door.
 24390 | Orc:2    | Found a shimmering altar of Xom.
 24390 | Orc:2    | Noticed P0WERM0DE's ghost (journeyman DsAK)
 24527 | Orc:2    | Received a gift from Okawaru
 24559 | Orc:2    | Reached XP level 14. HP: 36/127 MP: 14/14
 25137 | Orc:2    | Found Neyqosar's Magic Scroll Emporium.
 25137 | Orc:2    | Found Coeczur's Assorted Antiques.
 25166 | Orc:2    | Bought a scroll of identify for 36 gold pieces
 25412 | Orc:2    | Found Jotsomevu's Jewellery Emporium.
 25412 | Orc:2    | Found Elotza's General Store.
 25450 | Orc:2    | Reached skill level 14 in Shields
 25931 | Orc:2    | Bought a potion of mutation for 96 gold pieces
 25931 | Orc:2    | Bought a scroll of identify for 24 gold pieces
 25931 | Orc:2    | Bought a potion of heal wounds for 60 gold pieces
 26503 | Orc:2    | Found a staircase to the Elven Halls.
 27363 | D:13     | Identified the +7 chain mail "Somieb" {rN+ SInv} (Okawaru
                  | gifted it to you on level 13 of the Dungeon)
 27363 | D:13     | Received a gift from Okawaru
 27803 | D:13     | Reached skill level 1 in Evocations
 28179 | D:13     | Identified a scroll of acquirement
 28444 | Lair:5   | Noticed Nessos
 28459 | Lair:5   | Killed Nessos
 28675 | Lair:5   | Noticed Urug
 28682 | Lair:5   | Killed Urug
 29602 | Lair:6   | Entered Level 6 of the Lair of Beasts
 29848 | Lair:5   | Reached skill level 15 in Shields
 31039 | Lair:6   | Identified the +2 pair of gloves of Soft Rains {Fly rF+++
                  | rC-} (Okawaru gifted it to you on level 6 of the Lair of
                  | Beasts)
 31039 | Lair:6   | Received a gift from Okawaru
 31064 | Lair:6   | Reached ****** piety under Okawaru
 31065 | Lair:6   | Reached XP level 15. HP: 123/136 MP: 15/15
 32954 | Lair:6   | Found a viscous altar of Jiyva.
 32954 | Lair:6   | Found a staircase to the Slime Pits.
 33161 | Lair:6   | Found a runed translucent door.
 33244 | Lair:6   | Reached skill level 16 in Shields
 34594 | D:13     | Reached skill level 15 in Armour
 34594 | D:13     | Reached skill level 5 in Dodging
 35112 | D:14     | Found Afadaon's Assorted Antiques.
 35115 | D:14     | Bought a scroll of identify for 58 gold pieces
 35211 | D:14     | Found a glowing golden altar of the Shining One.
 35685 | D:14     | Found a gate to the Vaults.
 35821 | D:15     | Entered Level 15 of the Dungeon
 35923 | D:15     | Received a gift from Okawaru
 36014 | D:15     | Reached skill level 17 in Shields
 36143 | D:15     | Found a staircase to the Depths.
 36974 | D:15     | Got the Tome of Shape Shifting
 37416 | Lair:1   | Killed Acheron's ghost
 38052 | Lair:2   | Identified the amulet of the Rabble {Faith Regen+}
 38294 | Lair:3   | Killed dangdung's ghost
 38302 | Lair:3   | Reached XP level 16. HP: 147/147 MP: 15/17
 38548 | Orc:2    | Killed P0WERM0DE's ghost
 38596 | Elf:1    | Entered Level 1 of the Elven Halls
 38617 | Elf:1    | HP: 1/147 [fire elemental[a deep elf pyromancer] (12)]
 38656 | Elf:1    | HP: 7/147 [burnt (1)]
 38657 | Elf:1    | Killed from afar by a deep elf zephyrmancer

Illustrated notes

Levels and vault maps discovered:
D:1:      psy_arrival_dodecagon, layout_basic
D:2:      mumra_celtic_spiral_tile, layout_basic, basic_altar, serial_shops,
          shop, nicolae_shop_bloodbath_and_beyond,
          ebering_ecumenical_altar_abandoned, minmay_misc_feat_rows,
          kennysheep_cluttered_room, uniq_terence, uniq_crazy_yiuf_cottage
D:3:      layout_rooms, mainiacjoe_overflow_24_doors, kennysheep_slug_shrine,
          mainiacjoe_overflow_paths, serial_rivers,
          chequers_serial_rivers_large_a, chequers_serial_rivers_small_b,
          chequers_serial_rivers_small_a, chequers_serial_rivers_micro_e,
          uniq_jessica, uniq_robin, uniq_natasha
D:4:      layout_basic, uniq_edmund
D:5:      layout_gridville, nicolae_ossuary_entry_monument, uniq_duvessa
D:6:      layout_rooms, minmay_temple_entry_glass,
          hangedman_abyss_or_decor_slice
D:7:      cheibrodos_fzero, layout_rooms, grunt_ogre_cave
D:8:      layout_basic, enter_bailey_5
D:9:      layout_grid_maze, serial_shops, nicolae_lakefront_shop
D:10:     layout_roguey, david_lair_generic, hellmonk_guarded_unrand_zhor
D:11:     layout_loops_ring, hiddenorc1_lemuel, gauntlet_entry_generic
D:12:     layout_long_grid, uniq_snorg
D:13:     layout_roguey [special_room_bee]
D:14:     layout_rooms, ximxim_vaults_locker_room, serial_shops,
          kennysheep_mini, lemuel_crystal_altar
D:15:     hangedman_depths_entry_try_elsewhere_first, layout_cave_pools,
          minivault_11, serial_bayou_pond_d
Temple:   mainiacjoe_temple_bowtie_tessellation
Lair:1:   layout_chaotic_city, ebering_ghost_rock_garden,
          infiniplex_staircase_pool, wad_woods_river_01
Lair:2:   gammafunk_worm_tunnel, layout_regular_city, serial_bayou,
          serial_bayou_lagoon_a, serial_bayou_lake_a, serial_bayou_pond_a,
          serial_bayou_pond_d, serial_bayou_ford_a
Lair:3:   nzn_winding_woodlands_stair_trap [nzn_winding_woodlands_5x15_eye,
          nzn_winding_woodlands_5x15_default,
          nzn_winding_woodlands_5x15_split_checker,
          nzn_winding_woodlands_15x15_boxy_spiral,
          nzn_winding_woodlands_5x15_lazy_stream,
          nzn_winding_woodlands_5x15_twine, nzn_winding_woodlands_5x15_default],
          layout_loops_ring, swamp_mist, gammafunk_ghost_necromancy,
          special_room
Lair:4:   layout_cave_pods, spider_nest_entry_a, nicolae_volcano_entry_hallway
Lair:5:   layout_cave_shapes, grunt_megastairs_1, lemuel_fruit_fields,
          infiniplex_staircase_pool_2, uniq_nessos, uniq_urug
Lair:6:   wormcave, layout_hall_layers, hangedman_lair_in_review,
          dpeg_slime_entry_enclosed_altar, lemuel_fruit_tree
Orc:1:    layout_caves, serial_shops, nicolae_lakefront_shop,
          nicolae_shop_stone, basic_altar
Orc:2:    st_orc_town, layout_diamond_mine, ebering_ghost_xom
Elf:1:    eino_elf_arrival_the_gate, layout_loops_ring, serial_shops, shop,
          mu_enter_wizlab_3, kennysheep_underground_church, uniq_donald

Skill      XL: |  1  2  3  4  5  6  7  8  9 10 11 12 13 14 15 |
---------------+----------------------------------------------+-----
Shields        | 4 6 7 8 9 11 13 15 17 | 17.4
Fighting       | 4 5 6 7 8 10 11 12 13 14 | 14.9
Armour         | 4 5 6 7 9 10 11 12 13 14 15 | 15.4
Long Blades    | 3 4 8 11 13 14 | 14.7
Dodging        | 1 2 3 4 5 |  5.7
Short Blades   | 1 3 5 7 10 11 13 | 13.7
Stealth        | 1 2 |  2.6
Axes           | 1 |  1.9
Invocations    | 1 2 |  2.7
Evocations     | 1 |  1.4

Action                   |  1- 3 |  4- 6 |  7- 9 | 10-12 | 13-15 | 16-18 || total
-------------------------+-------+-------+-------+-------+-------+-------++-------
Melee: Long sword        |    78 |    56 |       |   226 |  1626 |    41 ||  2027
       Headbutt          |     9 |    21 |    52 |   160 |   485 |    13 ||   740
       Rapier            |       |    73 |   308 |   511 |    32 |    11 ||   935
       Hand axe          |       |       |       |    10 |       |       ||    10
       Short sword       |       |       |       |    25 |   142 |       ||   167
Invok: Heroism           |       |       |     3 |    14 |    16 |     1 ||    34
Evoke: Wand              |       |       |       |       |    17 |       ||    17
  Use: Scroll            |       |     3 |     4 |     9 |    18 |     1 ||    35
       Potion            |       |       |     2 |    12 |     4 |     5 ||    23
 Stab: Paralysed         |       |       |       |       |     5 |       ||     5
Armor: Scale mail        |    27 |    75 |     9 |       |       |       ||   111
       Plate armour      |       |       |   220 |   468 |   338 |     1 ||  1027
       Chain mail        |       |       |       |       |   590 |    30 ||   620
Dodge: Dodged            |    35 |    48 |   100 |   238 |   520 |    14 ||   955
Block: Buckler           |    20 |    28 |    97 |   143 |       |       ||   288
       Kite shield       |       |       |       |   175 |  1281 |    36 ||  1492
